 Dungeon Crawl Stone Soup version 0.31.0 (webtiles) character file.

Game seed: 14987396613304762193

89 qw the Shooter (level 4, -6/28 HPs)
             Began as a Gargoyle Hunter on Jan 19, 2024.
             Mangled by Sigmund
             ... wielding a +2 scythe of flaming
              (10 damage)
             ... on level 3 of the Dungeon.
             The game lasted 00:00:06 (1744 turns).

qw the Shooter (Gargoyle Hunter)                    Turns: 1744, Time: 00:00:07

Health: -6/28      AC: 10    Str: 14    XL:     4   Next: 55%
Magic:  4/4        EV: 10    Int: 10    God:
Gold:   100        SH:  0    Dex: 15    Spells: 3/3 levels left

rFire   . . .        a - +0 shortbow (freeze)
rCold   . . .        (shield currently unavailable)
rNeg    + . .        d - +0 ring mail
rPois   inf          (no helmet)
rElec   +            (no cloak)
rCorr   .            f - +1 pair of gloves
SInv    .            (no boots)
Will    .....        (no amulet)
Stlth   +            (no ring)
HPRegen 0.24/turn    (no ring)
MPRegen 0.09/turn

%: no passive effects
@: no status effects
A: sickness immunity, AC +3, negative energy resistance 1, electricity
resistance, torment resistance 1, petrification resistance
a: no special abilities


You were on level 3 of the Dungeon.
You visited 1 branch of the dungeon, and saw 3 of its levels.

You collected 100 gold pieces.


Innate Abilities, Weirdness & Mutations

You are immune to sickness and miasma.
Your stone body is resilient. (AC +3)
You are immune to poison.
You resist negative energy. (rN+)
You are resistant to electric shocks. (rElec)
You are resistant to unholy torment.
You are immune to petrification.


   Skills:
 - Level 3.0 Fighting
 + Level 5.3 Ranged Weapons
 - Level 1.1 Armour
 - Level 1.5 Dodging
 - Level 1.1 Stealth


You had 3 spell levels left.
You didn't know any spells.
Your spell library was empty.

Inventory:

Hand Weapons
 a - a +0 shortbow of freezing (weapon)
Armour
 d - a +0 ring mail (worn)
 f - a +1 pair of gloves (worn)
Scrolls
 b - a scroll of identify
Potions
 h - 2 potions of curing
 k - a potion of mutation

Dungeon Overview and Level Annotations

Branches:
Dungeon (3/15)

Altars:
Ashenzari

Shops:
D:1 :

Annotations:
D:3 1 runed translucent door, Sigmund


Message History

1715 ||| FLEEEEING.
A ball python comes into view.
The ball python hisses angrily.
You shoot an arrow. The arrow hits the ball python!
The arrow freezes the ball python.
You kill the ball python!
Something hits you but does no damage.
You shoot an arrow. Something hits you but does no damage.
You shoot an arrow. Something hits you! Something burns you.
Found a dagger.
You shoot an arrow.
1726 ||| FLEEEEING.
A magic dart appears from out of thin air!
The magic dart hits you!
You shoot an arrow.
1737 ||| FLEEEEING.
Sigmund appears from thin air!
Reactivating autopickup.
You shoot an arrow. The arrow completely misses Sigmund.
You shoot an arrow.
The arrow hits Sigmund but does no damage.
Sigmund hits you with a +2 scythe of flaming.
Sigmund burns you.
You shoot an arrow. The arrow hits Sigmund!
The arrow freezes Sigmund.
Sigmund is heavily wounded.
Sigmund screams, "Only death can liberate you!"
Sigmund hits you with a +2 scythe of flaming.
Sigmund burns you.
You shoot an arrow.
The arrow hits Sigmund but does no damage.
Sigmund is heavily wounded.
You shoot an arrow. The arrow barely misses Sigmund.
Sigmund completely misses you.
You shoot an arrow. The arrow hits Sigmund.
The arrow freezes Sigmund.
Sigmund is severely wounded.
Sigmund hits you with a +2 scythe of flaming!
You die...
Sigmund begins carving another notch in his scythe.

### #.#..........<.....#.#### #..
###...........####.#....### #.#
.#...........#.)..#....... #.#
.+....#####.......##...... #.#
."#........#.##.##.##...... #.#.#
######.###.#.##.##.##......
#.#.###.#......#.#.##..#.##......
..#...#.#.#..#<#.#.###.#.##......
#.#.#.#.#.##.#.#@#.###.#.#####...
#.#.......:......@..............#
#.#.............................#
..#.............................#
......######################.....
####..# #..... ......# #....#
####..# #....# #..# +....#


You could see Sigmund.

Vanquished Creatures
  3 adders
  A ribbon worm (D:2)
  3 dart slugs
  2 ball pythons
  4 bats
  3 endoplasms
  A giant cockroach (D:1)
  4 goblins (D:1)
  5 hobgoblins
  4 jackals (D:2)
  4 quokkas
  3 frilled lizards (D:1)
  7 kobolds
  6 rats (D:1)
50 creatures vanquished.

Notes
Turn   | Place    | Note
-------+----------+-------------------------------------------
     0 | D:1      | qw the Gargoyle Hunter began the quest for the Orb.
     0 | D:1      | Reached XP level 1. HP: 12/12 MP: 1/1
     0 | D:1      | 0 ||| qw: Version: 0.3-a-132-g3d54051
     0 | D:1      | 0 ||| qw: Game counter: 332
     0 | D:1      | 0 ||| qw: Melee chars always use a shield: true
     0 | D:1      | 0 ||| qw: God list: Okawaru
     0 | D:1      | 0 ||| qw: Allow faded altars: false
     0 | D:1      | 0 ||| qw: Do Orc after clearing Dungeon:15 true
     0 | D:1      | 0 ||| qw: Do second Lair branch before Depths: true
     0 | D:1      | 0 ||| qw: Lair rune preference: random
     0 | D:1      | 0 ||| qw: Goals: Normal
     0 | D:1      | 0 ||| PLANNING D:1-11
    64 | D:1      | Found a faded altar of an unknown god.
   101 | D:1      | Reached XP level 2. HP: 17/17 MP: 2/2
   570 | D:1      | Reached XP level 3. HP: 21/21 MP: 3/3
   573 | D:1      | Found Buimpi's Vocational Training.
   581 | D:1      | Reached skill level 5 in Ranged Weapons
   662 | D:1      | 662 ||| UPGRADING to +1 pair of gloves.
   667 | D:1      | 667 ||| READING scroll labelled TOVUARUAMU.
   667 | D:1      | 667 ||| IDENTIFYING amethyst potion
   668 | D:1      | 668 ||| READING 2 scrolls labelled UGA MUSIVEBREO.
   673 | D:1      | 673 ||| DROPPING scroll of butterflies.
   674 | D:1      | 674 ||| DROPPING potion of brilliance.
   850 | D:2      | Reached skill level 3 in Fighting
   855 | D:2      | Reached XP level 4. HP: 13/28 MP: 4/4
   861 | D:2      | HP: 7/28 [jackal (3)]
   862 | D:2      | 862 ||| READING scroll of teleportation.
   864 | D:2      | 864 ||| FLEEEEING.
  1486 | D:2      | 1486 ||| UPGRADING to +0 ring mail.
  1496 | D:2      | 1496 ||| DROPPING +0 leather armour.
  1497 | D:2      | 1497 ||| READING 2 scrolls of identify.
  1497 | D:2      | 1497 ||| IDENTIFYING fizzy black potion
  1498 | D:2      | 1498 ||| READING scroll of identify.
  1498 | D:2      | 1498 ||| IDENTIFYING viscous brown potion
  1499 | D:2      | 1499 ||| READING scroll labelled ULIMARR SO MAL.
  1500 | D:2      | 1500 ||| READING scroll labelled URYPUE RUARI.
  1501 | D:2      | 1501 ||| READING scroll labelled MUCVIXISAA.
  1501 | D:2      | 1501 ||| BRANDING +0 shortbow.
  1502 | D:2      | 1502 ||| READING scroll labelled WITUHI FIXIE.
  1503 | D:2      | 1503 ||| READING scroll labelled NOCRIS GYDAV.
  1504 | D:2      | 1504 ||| DRINKING 2 puce potions.
  1505 | D:2      | 1505 ||| DROPPING potion of lignification.
  1577 | D:3      | Found a broken altar of Ashenzari.
  1644 | D:3      | Found a runed translucent door.
  1703 | D:3      | Noticed Sigmund
  1710 | D:3      | Reached skill level 1 in Armour
  1711 | D:3      | 1711 ||| DRINKING 3 potions of curing.
  1711 | D:3      | 1711 ||| (to cure confusion)
  1715 | D:3      | 1715 ||| FLEEEEING.
  1726 | D:3      | 1726 ||| FLEEEEING.
  1737 | D:3      | 1737 ||| FLEEEEING.
  1741 | D:3      | HP: 5/28 [Sigmund/+2 scythe of flaming (3)]
  1744 | D:3      | Mangled by Sigmund

Levels and vault maps discovered:
D:1:      dpeg_arrival_ratfight, layout_basic, shapermc_ecumenical_altar_ellora,
          nicolae_shop_vocational
D:2:      layout_basic
D:3:      layout_basic, ashenzari_altar_1, fedhas_altar_4,
          ebering_ghost_inner_flame, uniq_sigmund

Skill      XL: |  1  2  3  4 |
---------------+-------------+-----
Ranged Weapons | 5 |  5.3
Fighting       | 3 |  3.0
Armour         | 1 |  1.1
Dodging        | |  1.5
Stealth        | |  1.1

Action                     |  1- 3 |  4- 6 || total
---------------------------+-------+-------++-------
   Fire: Shortbow          |    95 |    58 ||   153
    Use: Scroll            |     2 |     8 ||    10
         Potion            |       |     2 ||     2
 Armour: Leather armour    |    47 |    14 ||    61
         Ring mail         |       |    10 ||    10
  Dodge: Dodged            |    36 |    18 ||    54

Table legend:
 A = Non-vault XP
 B = Vault XP
 C = Vault XP percentage of total XP
 D = Non-vault monster count
 E = Vault monster count
 F = Vault count percentage of total count
                 A         B        C        D         E       F
            +---------+---------+-------+---------+---------+-------
      Total |     123 |       5 |   3.9 |      45 |       5 |  10.0
            +---------+---------+-------+---------+---------+-------
        D:1 |      34 |       5 |  12.8 |      21 |       5 |  19.2
        D:2 |      65 |       0 |   0.0 |      19 |       0 |   0.0
        D:3 |      24 |       0 |   0.0 |       5 |       0 |   0.0
            +---------+---------+-------+---------+---------+-------
